 Dungeon Sprint DCSS version 0.28-a0-60-g54b5640690 (webtiles) character file.

Game seed: 512107185227137058

429 Spaninq the Grappler (level 6, -2/68 HPs)
             Began as a Troll Fighter on July 30, 2021.
             Slain by Sonja (16 damage)
             ... in the Dungeon (Sprint I: "Red Sonja").
             The game lasted 00:02:09 (115 turns).

Spaninq the Grappler (Troll Fighter)                 Turns: 115, Time: 00:02:10

Health: -2/68      AC:  4    Str: 27    XL:     6   Next: 66%
Magic:  5/5        EV:  9    Int:  4    God:
Gold:   297        SH: 10    Dex:  9    Spells: 5/5 levels left

rFire   . . .      SeeInvis .     - Unarmed
rCold   . . .      Faith    .   b - +0 kite shield
rNeg    . . .      Spirit   .   a - +0 robe
rPois   .          Reflect  .   (helmet restricted)
rElec   .          Harm     .   (no cloak)
rCorr   .          Rampage  .   (gloves unavailable)
Will    .....      NoTele   +   (boots unavailable)
Stlth   +.........              (no amulet)
HPRegen 1.21/turn               (no ring)
MPRegen 0.09/turn               (no ring)

@: hasted and slowed
A: large, unfitting armour, claws 3, regeneration 1, shaggy fur 1, tough skin 1
a: no special abilities


You were in the Dungeon.
You visited 1 branch You collected 297 gold pieces.

Inventory:

Armour
 a - a +0 robe (worn)
 b - a +0 kite shield (worn)
Scrolls
 i - a scroll of blinking
Potions
 c - a potion of might
 e - a potion of heal wounds
 g - 2 potions of magic
 h - a potion of berserk rage


   Skills:
 + Level 6.5 Fighting
 - Level 2.4 Dodging
 + Level 6.5 Shields
 * Level 10.3 Unarmed Combat


You had 5 spell levels left.
You didn't know any spells.
Your spell library was empty.

Dungeon Overview and Level Annotations

Branches:
Dungeon (1/1)

Altars:
Cheibriados
Dithmenos
Elyvilon
Fedhas
Gozag
Hepliaklqana
Kikubaaqudgha
Nemelex Xobeh
Okawaru
Qazlal
Ru
Sif Muna
Trog
Uskayaw
Vehumet
Wu Jian
Yredelemnul
Zin
The Shining One

Shops:
D ?

Annotations:
D Sonja


Innate Abilities, Weirdness & Mutations

You are too large for most types of armour.
You have claws for hands.
Your natural rate of healing is unusually fast.
You are covered in fur. (AC +1)
You have tough skin. (AC +1)


Message History

You feel sick. You block Sonja's attack. x2
Sonja hits you with a +2 dagger of distortion.
Sonja bows elegantly.
Sonja gestures wildly while chanting.
Sonja blinks!
There is an open door, spattered with blood here.
You see here a yak corpse.
You feel sick.
You are no longer poisoned.
Sonja throws a curare-tipped dart.
The curare-tipped dart hits you.
You are poisoned.
You have difficulty breathing.
You feel as though you will be slow longer.
Which direction?
You close the door, pushing everything out of the way.
You feel very sick.
Sonja opens the door.
You feel very sick.
Sonja hits you with a +2 dagger of distortion!
Space warps horribly around you!
* * * LOW HITPOINT WARNING * * *
You block Sonja's attack. Sonja barely misses you.
Sonja gestures wildly while chanting.
Sonja blinks!
There is an open door, spattered with blood here.
You feel better.
Sonja mumbles some strange words.
Sonja blinks!
You feel yourself speed up. You block Sonja's attack.
Sonja hits you with a +2 dagger of distortion.
Space bends around you. You block Sonja's attack.
Sonja hits you with a +2 dagger of distortion.
Sonja barely misses you.
Sonja hits you with a +2 dagger of distortion.
* * * LOW HITPOINT WARNING * * *
You miss Sonja.
You block Sonja's attack. x2; Sonja closely misses you.
Sonja hits you with a +2 dagger of distortion.
* * * LOW HITPOINT WARNING * * *
Space warps horribly around you!
You die...

################
#<.#..)..#..'..#
#..').#..').#..+
#..#####'#####'#
#..####..#...#(#
#..#__####..##(#
#..#_____##'#_.+
#⌠⌠#_.∩...@..._#
####_..__##K.#+#
#_____###'#
####### #.# $.$
$.$# ##.## #+#


You could see Sonja.

Vanquished Creatures
  Sigmund (D)
  A yak (D)
  An ogre (D)
  A jelly (D)
  Ijyb (D)
5 creatures vanquished.

Notes
Turn   | Place    | Note
-------+----------+-------------------------------------------
     0 | D        | Spaninq the Troll Fighter began the quest for the Orb.
     0 | D        | Reached XP level 1. HP: 22/22 MP: 0/0
     2 | D        | Noticed Ijyb
    13 | D        | Killed Ijyb
    14 | D        | Reached skill level 4 in Unarmed Combat
    14 | D        | Reached XP level 2. HP: 21/31 MP: 1/1
    24 | D        | Noticed an ogre
    31 | D        | Killed an ogre
    32 | D        | Reached skill level 6 in Unarmed Combat
    32 | D        | Reached XP level 3. HP: 37/40 MP: 2/2
    32 | D        | Reached XP level 4. HP: 46/49 MP: 3/3
    41 | D        | Noticed Sigmund
    47 | D        | Killed Sigmund
    48 | D        | Reached skill level 5 in Fighting
    48 | D        | Reached skill level 5 in Shields
    48 | D        | Reached skill level 9 in Unarmed Combat
    48 | D        | Reached XP level 5. HP: 55/59 MP: 4/4
    48 | D        | Reached XP level 6. HP: 62/67 MP: 5/5
    62 | D        | Found a shimmering blue altar of Sif Muna.
    63 | D        | Found an ornate altar of the Wu Jian Council.
    64 | D        | Found a radiant altar of Vehumet.
    84 | D        | Found Okhluruck's Magic Scroll Emporium.
    84 | D        | Found an ancient bone altar of Kikubaaqudgha.
    84 | D        | Found a hazy altar of Hepliaklqana.
    84 | D        | Found a hide-covered altar of Uskayaw.
    84 | D        | Found a basalt altar of Yredelemnul.
    84 | D        | Found an opulent altar of Gozag.
    84 | D        | Found a snail-covered altar of Cheibriados.
    84 | D        | Found a sacrificial altar of Ru.
    84 | D        | Found a shadowy altar of Dithmenos.
    84 | D        | Noticed a yak
    89 | D        | Killed a yak
    90 | D        | Reached skill level 10 in Unarmed Combat
    90 | D        | Found a stormy altar of Qazlal.
    90 | D        | Found a blossoming altar of Fedhas.
    90 | D        | Found a bloodstained altar of Trog.
    90 | D        | Found an iron altar of Okawaru.
    90 | D        | Found a glowing golden altar of the Shining One.
    90 | D        | Found a glowing silver altar of Zin.
    90 | D        | Found a white marble altar of Elyvilon.
    91 | D        | Found a sparkling altar of Nemelex Xobeh.
   104 | D        | Noticed Sonja
   115 | D        | Slain by Sonja

Illustrated notes

Levels and vault maps discovered:
D:        dungeon_sprint_1 [red_sonja_temple_1, red_sonja_temple_small_1]

Skill      XL: |  1  2  3  4  5  6 |
---------------+-------------------+-----
Fighting       | 3 4 5 6 |  6.5
Shields        | 3 4 5 6 |  6.5
Unarmed Combat | 4 6 9 10 | 10.3
Dodging        | |  2.4

Action                   |  1- 3 |  4- 6 || total
-------------------------+-------+-------++-------
Melee: Unarmed           |    17 |    12 ||    29
  Use: Potion            |       |     2 ||     2
Armor: Robe              |     2 |       ||     2
Dodge: Dodged            |     3 |     4 ||     7
Block: Kite shield       |     4 |    10 ||    14

Table legend: (Time is in decaauts)
 A = Elapsed time spent in this place.
 B = Non-inter-level travel time spent in this place.
 C = Inter-level travel time spent in this place.
 D = Time resting spent in this place.
 E = Time spent auto-exploring this place.
 F = Levels seen in this place.
 G = Mean time per level.
                   A        B        C        D        E       F      G
               +--------+--------+--------+--------+--------+-----+--------+
         Total |    122 |    122 |      0 |     10 |      0 |   1 |  122.0 |
       Dungeon |    122 |    122 |      0 |     10 |      0 |   1 |  122.0 |
               +--------+--------+--------+--------+--------+-----+--------+

Top non-repeatable levels by time:
       D: 122 daAuts
